Map: Newkirk Precinct TE (Void)

Players

Rob

  • Race: Protoss Protoss
  • League: Master
  • Spawn Location: 7:00

Railgan - Winner!

  • Race: Zerg Zerg
  • League: Grandmaster
  • Spawn Location: 5:00

VOD

Have the link to the VOD?

Description

Time

  • Played on: March 22, 2017, 5:55 p.m.
  • Length: 8:29
Show
View Real Time Build Order
Export as new Build Order

Rob Protoss 

Build Orders:  

Get SALT Encoding   

  12  0:00  Probe (Chrono Boost)  
  13  0:11  Probe (Chrono Boost)  
  14  0:22  Probe (Chrono Boost)  
  15  0:41  Pylon  
  15  0:59  Gateway x2  
  15  1:02  Gateway  
  15  1:09  Gateway  
  15  1:13  Probe (Chrono Boost)  
  17  1:25  Probe (Chrono Boost)  
  17  1:45  Pylon, Probe (Chrono Boost)  
  17  1:47  Assimilator  
  18  1:51  Assimilator  
  18  1:55  Probe (Chrono Boost)  
  19  2:05  Cybernetics Core  
  19  2:08  Gateway  
  19  2:11  Probe (Chrono Boost)  
  19  2:13  Nexus  
  20  2:22  Probe (Chrono Boost)  
  21  2:32  Probe (Chrono Boost)  
  22  2:45  Mothership Core (Chrono Boost)  
  19  3:08  Probe (Chrono Boost)  
  21  3:20  Probe (Chrono Boost)  
  21  3:24  Adept  
  23  3:30  Warp Gate, Probe (Chrono Boost)  
  25  3:42  Probe (Chrono Boost)  
  25  3:44  Probe (Chrono Boost)  
  26  3:52  Probe (Chrono Boost)  
  26  3:55  Probe (Chrono Boost)  
  28  4:04  Gateway, Probe (Chrono Boost)  
  28  4:06  Probe (Chrono Boost)  
  30  4:16  Gateway, Probe (Chrono Boost)  
  31  4:21  Probe (Chrono Boost)  
  32  4:27  Probe (Chrono Boost)  
  32  4:29  Stalker  
  33  4:33  Probe (Chrono Boost)  
  36  4:44  Probe (Chrono Boost)  
  38  4:54  Probe (Chrono Boost)  
  38  4:56  Pylon  
  38  5:01  Twilight Council  
  38  5:11  Pylon  
  38  5:15  Probe (Chrono Boost)  
  38  5:18  Probe (Chrono Boost)  
  40  5:25  Probe (Chrono Boost)  
  41  5:29  Probe (Chrono Boost)  
  41  5:33  Gateway  
  41  5:34  Gateway  
  42  5:36  Probe (Chrono Boost)  
  42  5:39  Probe (Chrono Boost)  
  44  5:43  Stalker  
  44  5:44  Stalker x2  
  44  5:47  Probe (Chrono Boost)  
  52  5:50  Probe (Chrono Boost)  
  52  5:59  Assimilator  
  52  6:00  Probe (Chrono Boost)  
  52  6:01  Assimilator  
  53  6:11  Pylon  
  53  6:14  Forge  
  53  6:22  Pylon  
  53  6:27  Blink  
  53  6:32  Sentry x4  
  61  6:34  Probe (Chrono Boost)  
  61  6:36  Nexus  
  62  6:40  Probe (Chrono Boost)  
  58  6:51  Probe x2 (Chrono Boost)  
  58  6:53  Zealot  
  56  6:56  Zealot  
  58  7:01  Sentry  
  58  7:03  Probe (Chrono Boost)  
  51  7:23  Probe (Chrono Boost)  
  51  7:24  Stalker x2  
  51  7:26  Stalker  
  57  7:34  Probe (Chrono Boost)  
  58  7:48  Pylon, Probe (Chrono Boost)  
  58  7:49  Probe (Chrono Boost)  
  60  7:55  Robotics Facility  
  60  7:59  Probe (Chrono Boost)  
  60  8:04  Probe (Chrono Boost)  
  62  8:09  Probe (Chrono Boost)  
  62  8:12  Stalker x2  
  65  8:15  Sentry  
Show
View Real Time Build Order
Export as new Build Order

Railgan Zerg - Winner!

Build Orders: Pool First 

Get SALT Encoding   

  12  0:01  Drone  
  13  0:23  Spawning Pool  
  13  0:27  Drone  
  13  0:32  Drone  
  14  0:43  Extractor, Drone  
  14  0:45  Overlord  
  15  1:10  Zergling x6  
  18  1:21  Hatchery  
  18  1:23  Zergling x2  
  18  1:33  Zergling x2  
  19  1:57  Hatchery  
  19  2:00  Drone  
  19  2:01  Drone  
  20  2:13  Drone  
  21  2:18  Extractor, Queen  
  22  2:30  Overlord  
  22  2:35  Drone  
  23  2:44  Drone  
  23  2:45  Drone x2  
  26  2:53  Drone  
  26  2:58  Queen  
  27  3:08  Drone  
  27  3:09  Drone x3  
  30  3:14  Drone  
  31  3:21  Queen  
  31  3:23  Drone  
  34  3:40  Queen  
  36  3:42  Drone  
  36  3:43  Drone x3  
  36  3:45  Overlord  
  40  3:52  Drone x2  
  42  4:05  Roach Warren  
  42  4:09  Drone x4  
  45  4:14  Overlord  
  45  4:17  Spore Crawler  
  44  4:21  Drone  
  44  4:22  Drone x2  
  44  4:23  Extractor  
  46  4:30  Zergling x4  
  48  4:32  Metabolic Boost  
  48  4:41  Drone x3  
  48  4:42  Overlord  
  48  4:44  Zergling x2  
  48  4:45  Zergling x4  
  54  4:52  Overlord  
  53  4:53  Roach  
  53  4:54  Roach  
  53  4:57  Spore Crawler  
  56  5:08  Drone x6  
  62  5:16  Overlord  
  62  5:18  Zergling x8  
  62  5:20  Extractor  
  65  5:32  Lair  
  65  5:34  Zergling x2  
  65  5:35  Overlord x2  
  66  5:39  Overlord  
  66  5:46  Baneling Nest, Overlord  
  66  5:49  Evolution Chamber, Overlord  
  64  5:52  Roach  
  64  5:54  Drone  
  67  5:58  Drone  
  67  6:03  Roach  
  67  6:04  Roach  
  71  6:11  Drone x3  
  74  6:12  Drone x4  
  74  6:16  Roach  
  74  6:18  Ravager x3  
  83  6:21  Zerg Melee Weapons Level 1  
  83  6:28  Zergling x4  
  85  6:37  Drone  
  86  6:42  Zergling x20  
  86  6:46  Zergling x4  
  97  6:49  Zergling x2  
  97  6:50  Zergling x6  
  97  6:52  Glial Reconstitution  
  98  7:01  Zergling x2  
  98  7:02  Zergling x10  
  102  7:10  Zergling x4  
  103  7:18  Zergling x2  
  103  7:19  Zergling x2  
  103  7:21  Zergling x2  
  103  7:22  Zergling x2  
  105  7:25  Infestation Pit  
  105  7:26  Ravager  
  105  7:27  Ravager x2  
  105  7:28  Drone x3  
  105  7:29  Extractor  
  109  7:31  Extractor  
  108  7:37  Drone x4  
  108  7:42  Hatchery  
  111  7:44  Drone  
  111  7:47  Drone x2  
  111  7:50  Extractor, Overlord  
  113  7:52  Overseer  
  113  7:54  Drone  
  113  7:55  Overlord  
  113  7:58  Overlord  
  113  8:12  Zergling x8  
Tags
 
Add a new tag
Caveats
  • Supply blocks, unpowered buildings, or Contaminate may cause inaccurate times.
  • Supply counts are checked every 10 seconds.